[Event "Titled Tuesday Blitz March 28 Early 2023"]
[White "Zemlyanskii, Ivan"]
[Black "Hnydiuk, Aleksander"]
[WhiteFideId "24249971"]
[BlackFideId "1109057"]
[WhiteElo "2233"]
[BlackElo "2374"]
[Result "0-1"]
[Round "06"]
[TimeControl "180+2"]
[Date "2023.03.28"]
[WhiteClock "0:00:03"]
[BlackClock "0:00:22"]

1. d4 Nf6 2. c4 c5 3. d5 b5 4. Nf3 g6 5. cxb5 a6 6. bxa6 Bg7 7. Nc3 O-O 8. e4 Qa5 9. Bd2 Bxa6 10. Bxa6 Qxa6 11. Qe2 d6 12. Qxa6 Nxa6 13. Ke2 Rfb8 14. b3 Nd7 15. Rab1 Nb4 16. a4 Nc2 17. Nb5 c4 18. bxc4 Rxa4 19. Kd3 Ra2 20. Nc3 Nb4+ 21. Ke3 Ra3 22. Rhc1 Na2 23. Rxb8+ Nxb8 24. Rb1 Nd7 25. Rb7 Nf8 26. Rxe7 Nxc3 27. Kf4 Ra2 28. Kg4 h5+ 29. Kh3 Bf6 30. Re8 Kg7 31. c5 dxc5 32. e5 Ne4 33. exf6+ Nxf6 34. Bc3 Nd7 35. Re7 Kf8 36. d6 Ra3 37. Bxf6 Nxf6 38. Kh4 Rd3 39. Ne5 Rd4+ 40. Kh3 Ng4 41. Rxf7+ Kg8 42. Re7 Nxf2+ 0-1


[Site "https://www.chess.com"]

[Event "Titled Tuesday Blitz March 28 Early 2023"]
[White "Drori, Saar"]
[Black "Smirnov, Pavel"]
[WhiteFideId "2812444"]
[BlackFideId "4123425"]
[WhiteElo "2322"]
[BlackElo "2519"]
[Result "0-1"]
[Round "06"]
[TimeControl "180+2"]
[Date "2023.03.28"]
[WhiteClock "0:00:04"]
[BlackClock "0:01:12"]

1. e4 e5 2. Nf3 Nc6 3. Bc4 Nf6 4. d3 Bc5 5. O-O O-O 6. Re1 h6 7. a4 d6 8. h3 a5 9. Nbd2 Be6 10. c3 Re8 11. Bxe6 Rxe6 12. Nf1 d5 13. Ng3 Qd7 14. exd5 Nxd5 15. d4 exd4 16. Rxe6 Qxe6 17. cxd4 Bb6 18. Ra3 Re8 19. Kh2 Qf6 20. Be3 Ncb4 21. Ne5 c6 22. Qg4 Bc7 23. f4 g6 24. Bd2 Kh7 25. Rf3 Nc2 26. f5 g5 27. Qh5 Nxd4 28. Nxf7 Nxf3+ 29. gxf3 Re2+ 30. Kg1 Rxd2 31. Ne4 Qd4+ 32. Kf1 Rd1+ 33. Kg2 Ne3+ 34. Kf2 Ng4+ 35. Ke2 Qd3# 0-1


[Site "https://www.chess.com"]

[Event "Titled Tuesday Blitz March 28 Early 2023"]
[White "Albornoz Cabrera, Carlos Daniel"]
[Black "Ordekalog"]
[WhiteFideId "3518736"]
[WhiteElo "2501"]
[BlackElo "2570"]
[Result "1-0"]
[Round "06"]
[TimeControl "180+2"]
[Date "2023.03.28"]
[WhiteClock "0:00:53"]
[BlackClock "0:00:02"]

1. c4 e6 2. Nc3 d5 3. d4 c5 4. cxd5 exd5 5. Nf3 Nc6 6. g3 Nf6 7. Bg2 Be7 8. O-O O-O 9. Bg5 cxd4 10. Nxd4 h6 11. Be3 Re8 12. Rc1 Bf8 13. Qd2 Ne5 14. b3 Neg4 15. Bf4 Ba3 16. Rc2 Bb4 17. a3 Ba5 18. b4 Bb6 19. Na4 Ne5 20. Nxb6 axb6 21. Bxe5 Rxe5 22. Qd3 Ne4 23. Rfc1 Bd7 24. Nf3 Rh5 25. Rd1 Ba4 26. g4 Bxc2 27. Qxc2 Rg5 28. Nxg5 Qxg5 29. Bxe4 dxe4 30. Qxe4 Rxa3 31. Rd5 Qc1+ 32. Kg2 Qc8 33. Re5 Ra8 34. Re7 Qc6 35. f3 Kf8 36. Re5 Qxe4 37. Rxe4 Ra4 38. h4 b5 39. h5 f6 40. Kg3 Kf7 41. Kf4 Ra2 42. e3 Rb2 43. Rd4 Ke6 44. Ke4 Rg2 45. Rd5 Rc2 46. Rxb5 Rc4+ 47. Kd3 Rc7 48. Kd4 Rd7+ 49. Ke4 Rc7 50. Rb6+ Ke7 51. Kf5 Kf7 52. e4 Re7 53. f4 Rc7 54. e5 fxe5 55. fxe5 Re7 56. Rd6 Re8 57. Rd7+ 1-0


[Site "https://www.chess.com"]

[Event "Titled Tuesday Blitz March 28 Early 2023"]
[White "Nagy, Gabor"]
[Black "Derjabin, Ilja"]
[WhiteFideId "737119"]
[BlackFideId "14104768"]
[WhiteElo "2510"]
[BlackElo "2309"]
[Result "1-0"]
[Round "06"]
[TimeControl "180+2"]
[Date "2023.03.28"]
[WhiteClock "0:01:16"]
[BlackClock "0:00:01"]

1. d4 Nf6 2. Nc3 e6 3. Bf4 d5 4. e3 Bb4 5. Ne2 Nbd7 6. a3 Bd6 7. h3 O-O 8. g4 Re8 9. Bg2 a6 10. Qd2 b5 11. Ng3 Bxf4 12. exf4 Nb6 13. b3 Bb7 14. O-O Rc8 15. a4 b4 16. Nce2 a5 17. c3 bxc3 18. Qxc3 Ra8 19. Rfc1 Re7 20. f5 exf5 21. Nf4 fxg4 22. Nf5 Rd7 23. hxg4 h6 24. Qg3 Ne4 25. Qe3 Qg5 26. Bxe4 dxe4 27. Qg3 Re8 28. Rc5 e3 29. Nxe3 Qf6 30. Nf5 Rxd4 31. Nh5 Qd8 32. Qc3 Rxg4+ 33. Nfg3 Nd5 34. Qb2 Nf4 35. Nxf4 Rxf4 36. Rac1 Bf3 37. Re5 Re6 38. Rxe6 fxe6 39. Qe5 Qh4 40. Rxc7 Rg4 41. Qxe6+ Kh7 42. Qf5+ Rg6 43. Qxf3 Qd4 44. Kg2 Qd6 45. Rb7 h5 46. Qxh5+ Rh6 47. Qf5+ Rg6 48. b4 Qc6+ 49. Qf3 Rxg3+ 50. fxg3 Qxb7 51. Qxb7 1-0


[Site "https://www.chess.com"]

[Event "Titled Tuesday Blitz March 28 Early 2023"]
[White "Xu, Yi"]
[Black "Degenbaev, Aziz"]
[WhiteFideId "8605564"]
[BlackFideId "13802640"]
[WhiteElo "2471"]
[BlackElo "2152"]
[Result "1-0"]
[Round "06"]
[TimeControl "180+2"]
[Date "2023.03.28"]
[WhiteClock "0:01:14"]
[BlackClock "0:00:27"]

1. b3 d6 2. Bb2 e5 3. g3 f5 4. Bg2 Nf6 5. c4 g6 6. e3 Bg7 7. Ne2 O-O 8. d4 e4 9. Nbc3 c6 10. Qc2 d5 11. h4 Be6 12. Nf4 Bf7 13. a4 h6 14. Ba3 Re8 15. cxd5 Nxd5 16. Bf1 Nxf4 17. gxf4 Nd7 18. Bc4 Nf6 19. Bxf7+ Kxf7 20. b4 Kg8 21. b5 Kh7 22. bxc6 bxc6 23. Kf1 Ng4 24. Kg2 Rc8 25. Bc5 Bf6 26. Qb3 Bxh4 27. Qf7+ Kh8 28. d5 Bf6 29. Rxh6+ Nxh6 30. Rh1 Bg7 31. Rxh6+ 1-0


[Site "https://www.chess.com"]

[Event "Titled Tuesday Blitz March 28 Early 2023"]
[White "Samunenkov, Ihor"]
[Black "Castellanos Villela, Alejandro"]
[WhiteFideId "14187086"]
[BlackFideId "3446379"]
[WhiteElo "2457"]
[BlackElo "2102"]
[Result "1-0"]
[Round "06"]
[TimeControl "180+2"]
[Date "2023.03.28"]
[WhiteClock "0:00:10"]
[BlackClock "0:00:07"]

1. e4 c5 2. Nf3 d6 3. d4 cxd4 4. Nxd4 Nf6 5. Nc3 a6 6. h3 e6 7. g4 h6 8. h4 b5 9. a3 Bb7 10. Bg2 d5 11. exd5 Nxd5 12. Nb3 Be7 13. Nxd5 Bxd5 14. Bxd5 exd5 15. Be3 Bxh4 16. Rxh4 Qxh4 17. Qxd5 Qxg4 18. Qxa8 O-O 19. Qd5 Rc8 20. Qd1 Qg1+ 21. Kd2 Qg6 22. c3 Nc6 23. Qc2 Qd6+ 24. Nd4 b4 25. axb4 Nxb4 26. Qf5 Rc5 27. Qe4 Nd5 28. Qe8+ Kh7 29. Qxf7 Nxe3 30. fxe3 Rg5 31. Rf1 Qb6 32. Kc2 a5 33. Kb1 a4 34. Ne6 Rg2 35. Rf2 Rxf2 36. Qxg7# 1-0


[Site "https://www.chess.com"]

[Event "Titled Tuesday Blitz March 28 Early 2023"]
[White "Ibadov, Dashgyn"]
[Black "Molina, Roberto Junio Brito"]
[WhiteFideId "24107514"]
[BlackFideId "2109450"]
[WhiteElo "2208"]
[BlackElo "2376"]
[Result "0-1"]
[Round "06"]
[TimeControl "180+2"]
[Date "2023.03.28"]
[WhiteClock "0:00:13"]
[BlackClock "0:02:05"]

1. d4 d5 2. Nf3 Nf6 3. Bf4 c5 4. e3 Nc6 5. Nbd2 Qb6 6. dxc5 Qxb2 7. Rb1 Qc3 8. Bb5 Bd7 9. O-O e6 10. Ne5 Nxe5 11. Rb3 Qa5 12. Bxe5 Bxb5 13. Bxf6 gxf6 14. c4 Ba4 15. cxd5 Bxb3 16. Nxb3 Qd8 17. e4 Bg7 18. Qh5 O-O 19. Rd1 f5 20. dxe6 Qf6 21. exf5 fxe6 0-1


[Site "https://www.chess.com"]

[Event "Titled Tuesday Blitz March 28 Early 2023"]
[White "Seo, Jung Min"]
[Black "Bilan, Danila"]
[WhiteFideId "1734687"]
[BlackFideId "24161918"]
[WhiteElo "2468"]
[BlackElo "2182"]
[Result "0-1"]
[Round "06"]
[TimeControl "180+2"]
[Date "2023.03.28"]
[WhiteClock "0:00:27"]
[BlackClock "0:00:05"]

1. Nf3 d5 2. g3 Nf6 3. Bg2 c5 4. O-O Nc6 5. d4 e6 6. c4 Be7 7. cxd5 Nxd5 8. dxc5 Bxc5 9. Qc2 Be7 10. a3 O-O 11. e4 Nf6 12. Rd1 Qa5 13. Nc3 Qh5 14. e5 Nxe5 15. Nxe5 Qxe5 16. Bf4 Qh5 17. Ne4 e5 18. Nxf6+ Bxf6 19. Be3 Bg4 20. Rd6 Bf3 21. Rc1 e4 22. Rd7 h6 23. Rxb7 Qf5 24. Rxa7 Rac8 25. Qb1 Rfd8 26. Re1 Bxg2 27. Kxg2 Qf3+ 28. Kg1 Rd3 29. Qa2 Rf8 30. b4 Bc3 31. Rf1 Rfd8 32. Qc2 Rd1 33. Qxc3 Rxf1+ 34. Kxf1 Rd1+ 35. Qe1 Qh1+ 0-1


[Site "https://www.chess.com"]

[Event "Titled Tuesday Blitz March 28 Early 2023"]
[White "Salemgareev, Tagir"]
[Black "Yaniuk, Volodymyr"]
[WhiteFideId "24199052"]
[BlackFideId "14133083"]
[WhiteElo "2366"]
[BlackElo "2141"]
[Result "1/2-1/2"]
[Round "06"]
[TimeControl "180+2"]
[Date "2023.03.28"]
[WhiteClock "0:00:12"]
[BlackClock "0:01:17"]

1. d4 d5 2. c4 e6 3. Nf3 Nf6 4. g3 Be7 5. Bg2 O-O 6. O-O dxc4 7. Qc2 a5 8. Qxc4 c6 9. Rd1 Na6 10. Bf4 Qb6 11. Nc3 Nd5 12. Na4 Qb5 13. Qxb5 cxb5 14. Nc3 b4 15. Nxd5 exd5 16. Rac1 Be6 17. Ng5 Rac8 18. Nxe6 fxe6 19. e4 Rxc1 20. Rxc1 Rd8 21. exd5 exd5 22. Bh3 Bf6 23. Be3 Nb8 24. Rc7 Nc6 25. Rxb7 Nxd4 26. Ra7 Nf3+ 27. Kg2 Ng5 28. Bxg5 Bxg5 29. Rxa5 Bf6 30. b3 d4 31. Be6+ Kf8 32. Bc4 d3 33. Rd5 Rxd5 34. Bxd5 d2 35. Bf3 Ke7 36. Kf1 Kd6 37. Ke2 Bd4 38. Kxd2 Bxf2 39. Kd3 Bg1 40. h3 Kc5 41. g4 Bf2 42. Ke4 h6 43. Ke5 Bd4+ 44. Kf5 Bf6 45. Kg6 Kd4 46. Bc6 Kc3 47. Kh5 Kb2 48. h4 Kxa2 49. Bd5 Kb2 50. Bc4 Kc3 51. g5 hxg5 52. hxg5 Be5 53. Kg6 Kd4 54. Kf5 Bd6 55. Kg6 Bf4 56. Kxg7 Bxg5 57. Kf7 Bd2 58. Kg8 Bc3 59. Kf7 Ke3 60. Kg8 Kd2 61. Kf7 Kc2 62. Kg8 Kb2 1/2-1/2


[Site "https://www.chess.com"]

[Event "Titled Tuesday Blitz March 28 Early 2023"]
[White "Karolczuk, Iwo"]
[Black "Jeet, Jain"]
[WhiteFideId "21816972"]
[BlackFideId "5073022"]
[WhiteElo "2348"]
[BlackElo "2067"]
[Result "0-1"]
[Round "06"]
[TimeControl "180+2"]
[Date "2023.03.28"]
[WhiteClock "0:00:01"]
[BlackClock "0:00:43"]

1. e4 Nc6 2. d4 d6 3. Nf3 Bg4 4. c3 e5 5. d5 Nce7 6. h3 Bd7 7. Bd3 g6 8. c4 Bg7 9. Nc3 Nf6 10. Be3 a6 11. g4 h5 12. g5 Nh7 13. Qd2 O-O 14. Nh4 Rb8 15. b4 c6 16. Rc1 cxd5 17. cxd5 b5 18. Ne2 Nc8 19. Ng3 Ne7 20. f4 exf4 21. Bxf4 Rb6 22. O-O f6 23. gxf6 Bxf6 24. Nf3 Bxh3 25. Rf2 Bg4 26. Be3 Rb8 27. Nd4 Rc8 28. Nc6 Nxc6 29. dxc6 Be5 30. Bf4 Qh4 31. Bxe5 dxe5 32. Rxf8+ Rxf8 33. Qg2 Rf3 34. Nf1 Rxd3 35. c7 Bc8 36. Qxg6+ Kh8 37. Qe8+ Kg7 38. Qxc8 Qg5+ 39. Kh1 Qxc1 40. Qf5 Qxc7 41. Qxh5 Qe7 42. Qg4+ Qg5 43. Qe6 Qh6+ 0-1


[Site "https://www.chess.com"]

[Event "Titled Tuesday Blitz March 28 Early 2023"]
[White "Harshavardhan G B"]
[Black "Girya, Olga"]
[WhiteFideId "25059009"]
[BlackFideId "4195752"]
[WhiteElo "2323"]
[BlackElo "2263"]
[Result "1-0"]
[Round "06"]
[TimeControl "180+2"]
[Date "2023.03.28"]
[WhiteClock "0:00:22"]
[BlackClock "0:00:03"]

1. e4 e5 2. Nc3 Nf6 3. Bc4 Bc5 4. d3 O-O 5. Bg5 c6 6. Nf3 d6 7. h3 b5 8. Bb3 Be6 9. O-O Nbd7 10. Bxe6 fxe6 11. d4 exd4 12. Nxd4 Bxd4 13. Qxd4 Ne5 14. Rad1 Nf7 15. Be3 c5 16. Qd3 a6 17. f4 b4 18. Ne2 Qc7 19. c4 Qc6 20. Ng3 Rad8 21. Rfe1 a5 22. Kh2 a4 23. Qc2 Rb8 24. b3 axb3 25. axb3 Ra8 26. Bf2 Nd7 27. Rd2 Ra3 28. Red1 Nf6 29. Re1 e5 30. Nf5 Re8 31. fxe5 Nxe5 32. Rxd6 Qc7 33. Bg3 Nh5 34. Bxe5 Rxe5 35. Qd1 Rxf5 36. exf5 Ra6 37. Re6 Nf6 38. Kg1 Rxd6 39. Qxd6 Qxd6 40. Rxd6 Kf7 41. Rc6 Ne4 42. g4 Nd2 43. Rxc5 Nxb3 44. Rb5 Nd2 45. Rxb4 1-0


[Site "https://www.chess.com"]

[Event "Titled Tuesday Blitz March 28 Early 2023"]
[White "Santos Ruiz, Miguel"]
[Black "lemayvega"]
[WhiteFideId "22291482"]
[WhiteElo "2504"]
[BlackElo "2541"]
[Result "1-0"]
[Round "06"]
[TimeControl "180+2"]
[Date "2023.03.28"]
[WhiteClock "0:02:17"]
[BlackClock "0:01:23"]

1. e4 c5 2. Nf3 Nc6 3. d4 cxd4 4. Nxd4 e5 5. Nb5 d6 6. c4 a6 7. N5c3 Be6 8. Nd5 Rc8 9. Nbc3 Be7 10. Be3 Nf6 11. Be2 O-O 12. O-O Nd7 13. Qd2 h6 14. Nxe7+ Qxe7 15. Rad1 Rfd8 16. Qxd6 Qxd6 17. Rxd6 Kf8 18. Rfd1 Ke7 19. R6d2 Na5 20. b3 b5 21. Nd5+ Bxd5 22. Rxd5 1-0


[Site "https://www.chess.com"]

[Event "Titled Tuesday Blitz March 28 Early 2023"]
[White "Weetik, Vjacheslav"]
[Black "Defend1r"]
[WhiteFideId "4153472"]
[WhiteElo "2469"]
[BlackElo "2539"]
[Result "0-1"]
[Round "06"]
[TimeControl "180+2"]
[Date "2023.03.28"]
[WhiteClock "0:00:02"]
[BlackClock "0:00:17"]

1. d4 Nf6 2. Bf4 d5 3. e3 e6 4. Nd2 Bd6 5. Bd3 O-O 6. Ngf3 b6 7. Ne5 Bb7 8. Qf3 c5 9. c3 Nc6 10. g4 Bxe5 11. dxe5 Nd7 12. Qh3 g6 13. Nf3 f6 14. exf6 Qxf6 15. Ng5 Qe7 16. Qh6 e5 17. Bg3 Nf6 18. h3 Rae8 19. O-O-O Qg7 20. Qxg7+ Kxg7 21. Bb5 e4 22. c4 d4 23. h4 Nxg4 24. exd4 cxd4 25. Rhe1 a6 26. Bxc6 Bxc6 27. Rxd4 Nxf2 28. Bxf2 Rxf2 29. Rd6 Rf6 30. Rxf6 Kxf6 31. Nxh7+ Kf5 32. Rf1+ Ke5 33. Ng5 e3 34. Kc2 Bg2 35. Re1 Kf4 36. Kc3 e2 37. Kd2 Bf1 0-1


[Site "https://www.chess.com"]

[Event "Titled Tuesday Blitz March 28 Early 2023"]
[White "Rangel, Daniel"]
[Black "Hasangatin, Ramil"]
[WhiteFideId "2124475"]
[BlackFideId "4122160"]
[WhiteElo "2256"]
[BlackElo "2275"]
[Result "0-1"]
[Round "06"]
[TimeControl "180+2"]
[Date "2023.03.28"]
[WhiteClock "0:00:01"]
[BlackClock "0:00:49"]

1. c4 e5 2. g3 c6 3. Bg2 d5 4. cxd5 cxd5 5. d4 e4 6. Nc3 Be6 7. Nh3 Bd6 8. Bf4 Bxh3 9. Bxh3 Bxf4 10. gxf4 Ne7 11. e3 Nbc6 12. Rg1 g6 13. a3 f5 14. b4 O-O 15. Bf1 Rc8 16. Rc1 Qd7 17. h4 Kh8 18. h5 Nd8 19. hxg6 hxg6 20. Bb5 Qe6 21. Kd2 Kg7 22. Rh1 Nf7 23. Ba4 Nd6 24. Bb3 Nc4+ 25. Bxc4 Rxc4 26. Ne2 Rfc8 27. Qa4 Qc6 28. Qxc6 R8xc6 29. Rxc4 Rxc4 30. Rc1 Rxc1 31. Kxc1 Kf6 32. Kd2 Ke6 33. Ng1 Nc8 34. Nh3 b5 35. Ng5+ Ke7 36. Kc3 Nb6 37. Kb3 a6 38. Nh3 Nc4 39. Ng1 Kf6 40. Ne2 Nb6 41. Kc3 g5 42. Nc1 gxf4 0-1


[Site "https://www.chess.com"]

[Event "Titled Tuesday Blitz March 28 Early 2023"]
[White "Cherniaiev, Tykhon"]
[Black "Arias, Juan Cruz"]
[WhiteFideId "14182360"]
[BlackFideId "118540"]
[WhiteElo "2450"]
[BlackElo "2243"]
[Result "1/2-1/2"]
[Round "06"]
[TimeControl "180+2"]
[Date "2023.03.28"]
[WhiteClock "0:00:44"]
[BlackClock "0:02:10"]

1. Nf3 d5 2. d4 Nf6 3. c4 e6 4. Nc3 a6 5. cxd5 exd5 6. Bg5 Be7 7. e3 Be6 8. Bd3 Nbd7 9. O-O O-O 10. a3 c6 11. b4 b5 12. Rc1 Nb6 13. Ne5 Rc8 14. Qc2 h6 15. Bh4 Nc4 16. Nxc4 dxc4 17. Bf5 Qd7 18. Bxe6 Qxe6 19. Bxf6 Bxf6 20. Rcd1 Rfd8 21. h3 Ra8 22. a4 Be7 23. d5 cxd5 24. axb5 Bxb4 25. bxa6 Bxc3 26. Qxc3 Rxa6 27. Rd4 Rad6 28. Rfd1 R6d7 29. Rb1 Qf5 30. Rbd1 Rd6 31. Rf4 Qe6 32. Rfd4 Qe5 33. Qa5 Qe6 34. Qc3 1/2-1/2


[Site "https://www.chess.com"]

[Event "Titled Tuesday Blitz March 28 Early 2023"]
[White "Mikhailovsky, Vladimir"]
[Black "Shevtchenko, Olesya"]
[WhiteFideId "34105414"]
[BlackFideId "24131890"]
[WhiteElo "2293"]
[BlackElo "2003"]
[Result "1-0"]
[Round "06"]
[TimeControl "180+2"]
[Date "2023.03.28"]
[WhiteClock "0:00:10"]
[BlackClock "0:00:06"]

1. c4 Nf6 2. Nc3 e6 3. e4 d5 4. e5 d4 5. exf6 dxc3 6. bxc3 Qxf6 7. Nf3 e5 8. Bd3 Nc6 9. O-O Bg4 10. Be4 Bd6 11. Qb3 Nd8 12. d4 Bxf3 13. Bxf3 exd4 14. Re1+ Ne6 15. Bxb7 Rb8 16. c5 Be5 17. Bc6+ Ke7 18. Qd5 Bf4 19. Bxf4 Qxf4 20. Re4 Qf6 21. cxd4 Rhd8 22. Qc4 Rxd4 23. Rxd4 Nxd4 24. Re1+ Kf8 25. Bd5 g6 26. h3 Kg7 27. Bxf7 Rf8 28. Re4 Nc6 29. Bd5 Qxf2+ 30. Kh2 Nd8 31. Re7+ Kh6 32. Qc1+ Qf4+ 33. Qxf4+ Rxf4 34. Rxc7 Rd4 35. Bg8 Kg5 36. Rxh7 Nc6 37. Rc7 Ne5 38. Rxa7 Kf4 39. Ra3 Rd2 40. Rb3 Rc2 41. Bd5 g5 42. Rb4+ Kf5 43. Be4+ Kf4 44. Bxc2+ Ke3 45. Re4+ Kf2 46. Rxe5 g4 47. Rf5+ Ke1 48. hxg4 Kd2 49. c6 Kc1 50. c7 Kb2 51. c8=Q Ka1 52. Qc3+ Kxa2 53. Ra5# 1-0


[Site "https://www.chess.com"]

[Event "Titled Tuesday Blitz March 28 Early 2023"]
[White "Skvortsov, Andrei"]
[Black "Alinasab, Mobina"]
[WhiteFideId "24108600"]
[BlackFideId "12528897"]
[WhiteElo "2259"]
[BlackElo "2141"]
[Result "0-1"]
[Round "06"]
[TimeControl "180+2"]
[Date "2023.03.28"]
[WhiteClock "0:00:10"]
[BlackClock "0:01:00"]

1. d4 Nf6 2. Nf3 b6 3. Bg5 e6 4. e4 h6 5. Bxf6 Qxf6 6. Nbd2 Bb7 7. a3 c5 8. c3 Nc6 9. Bb5 cxd4 10. Bxc6 dxc6 11. cxd4 Qd8 12. O-O Be7 13. Rc1 O-O 14. Nc4 c5 15. Re1 cxd4 16. Qxd4 Qxd4 17. Nxd4 Rfd8 18. Nb5 Bc6 19. Nc7 Rac8 20. Ne5 Bb7 21. Nb5 a6 22. Rxc8 Rxc8 23. Nd4 Bxe4 24. h3 Bb7 25. Ng4 Kf8 26. Ne3 Bf6 27. Ne2 Bxb2 28. Rb1 Bxa3 29. Rxb6 Rc7 30. Rb3 Bc5 31. Ng4 a5 32. Nc3 Bb4 33. Nb5 Rc1+ 34. Kh2 Bc6 35. Nd4 Bd5 36. Rb2 Bd6+ 37. f4 Bxf4+ 38. g3 Rh1# 0-1


[Site "https://www.chess.com"]

[Event "Titled Tuesday Blitz March 28 Early 2023"]
[White "Karamsetty, Jeevan"]
[Black "Prohaszka, Peter"]
[WhiteFideId "2025337"]
[BlackFideId "726265"]
[WhiteElo "2111"]
[BlackElo "2626"]
[Result "0-1"]
[Round "06"]
[TimeControl "180+2"]
[Date "2023.03.28"]
[WhiteClock "0:00:28"]
[BlackClock "0:01:54"]

1. e4 c6 2. d4 d5 3. exd5 cxd5 4. Bd3 Nf6 5. c3 Nc6 6. Bf4 Bg4 7. Qb3 Qd7 8. Nd2 e6 9. Ngf3 Bd6 10. Bxd6 Qxd6 11. O-O O-O 12. Rfe1 Qc7 13. Ne5 Nxe5 14. Rxe5 g6 15. Rae1 Bf5 16. Bxf5 gxf5 17. h3 Kh8 18. Qd1 Rg8 19. Nf3 Ne4 20. Nd2 Rg6 21. Nxe4 fxe4 22. f3 f6 23. Rxe6 Qd7 24. Rxf6 Rxf6 25. fxe4 dxe4 26. Rxe4 Rg8 27. Qh5 Qf5 28. Qxf5 Rxf5 29. Re7 Rfg5 30. g4 h5 31. Rxb7 hxg4 32. hxg4 Rxg4+ 33. Kf2 Re4 34. Rxa7 Rf8+ 35. Kg3 Re3+ 36. Kg4 Re2 37. Rb7 Rg2+ 38. Kh3 Rg6 39. Rb5 Kg7 40. a4 Rh8+ 0-1


[Site "https://www.chess.com"]

[Event "Titled Tuesday Blitz March 28 Early 2023"]
[White "Rendle, Thomas E"]
[Black "Jaskolka, Tomasz"]
[WhiteFideId "408760"]
[BlackFideId "1170791"]
[WhiteElo "2428"]
[BlackElo "2155"]
[Result "1-0"]
[Round "06"]
[TimeControl "180+2"]
[Date "2023.03.28"]
[WhiteClock "0:00:57"]
[BlackClock "0:00:11"]

1. Nf3 Nf6 2. b3 d5 3. Bb2 Bf5 4. g3 e6 5. Bg2 c6 6. O-O Nbd7 7. d3 Be7 8. Nbd2 h6 9. c4 Bg6 10. Qc2 O-O 11. a3 a5 12. Ne5 Nxe5 13. Bxe5 Nd7 14. Bc3 Bf6 15. b4 Bxc3 16. Qxc3 Qf6 17. Qxf6 Nxf6 18. Rfb1 axb4 19. axb4 b5 20. cxb5 cxb5 21. Nb3 Nd7 22. Nd4 Rxa1 23. Rxa1 Rb8 24. Ra5 Rc8 25. f4 e5 26. fxe5 Nxe5 27. Bxd5 Rc1+ 28. Kg2 Ng4 29. Bf3 Ne3+ 30. Kf2 Nd1+ 31. Ke1 Rb1 32. Kd2 Nf2 33. Rxb5 Rd1+ 34. Ke3 Rf1 35. Rb8+ Kh7 36. b5 Nd1+ 37. Kd2 Nb2 38. b6 Na4 39. b7 Rb1 40. Ra8 Rb2+ 41. Ke3 Nc3 42. b8=Q Nd1+ 43. Kf4 Rxb8 44. Rxb8 f6 45. Be4 f5 1-0


[Site "https://www.chess.com"]

[Event "Titled Tuesday Blitz March 28 Early 2023"]
[White "Novikov, Evgenij"]
[Black "polandchessplayer"]
[WhiteFideId "4125380"]
[WhiteElo "2242"]
[BlackElo "2695"]
[Result "0-1"]
[Round "06"]
[TimeControl "180+2"]
[Date "2023.03.28"]
[WhiteClock "0:00:04"]
[BlackClock "0:00:08"]

1. e4 c6 2. d4 d5 3. exd5 cxd5 4. Bd3 Nc6 5. c3 Nf6 6. h3 g6 7. Qc2 Bg7 8. Nf3 O-O 9. O-O Bd7 10. Bf4 Rc8 11. Qe2 Bf5 12. Nbd2 e6 13. Ne5 Nxe5 14. Bxe5 Bxd3 15. Qxd3 Qb6 16. Rab1 Nd7 17. Bxg7 Kxg7 18. Nf3 Qa6 19. Qxa6 bxa6 20. Rfe1 a5 21. Rbc1 Rb8 22. Rc2 Rfc8 23. Ne5 Nxe5 24. Rxe5 a4 25. a3 Rb6 26. Kf1 Kf8 27. Ree2 Ke8 28. Red2 Kd7 29. Ke2 Kc6 30. Kd3 Kb5 31. Re2 Ka5 32. g4 Rcc6 33. f4 h6 34. Rf2 Rb8 35. Rce2 Rg8 36. Re5 Kb6 37. h4 Kc7 38. g5 hxg5 39. fxg5 Rg7 40. Re1 Kd6 41. Rh1 Rh7 42. Rf4 Rc8 43. Rg1 Rch8 44. Rgg4 Rb8 45. Kc2 Ke7 46. Rf3 Rbh8 47. Rff4 Rh5 48. Kd3 Rc8 49. Kc2 Rf8 50. Kd3 f6 51. gxf6+ Rxf6 52. c4 dxc4+ 53. Kxc4 Rxf4 54. Rxf4 Rf5 55. Rg4 Kf6 56. Kb4 Rf2 57. Kxa4 Rxb2 58. Ka5 Rb3 59. a4 Ra3 60. Kb4 Ra1 61. Kb5 Kf5 62. Rg5+ Kf6 63. Rg4 Ra3 64. Rf4+ Ke7 65. a5 Kd6 66. Rg4 Rd3 67. Ka6 Rh3 68. Kxa7 Kd5 69. a6 Kd6 70. Ka8 Rf3 71. a7 Kc6 72. d5+ exd5 73. Rb4 Rf8+ 74. Rb8 Rf7 75. Rc8+ Kb6 76. Rb8+ Ka6 77. Rd8 Rxa7+ 78. Kb8 Rb7+ 79. Kc8 Rb5 80. Rd6+ Ka5 81. Rxg6 d4 82. Rd6 Rb4 83. h5 Kb5 84. h6 Ra4 85. h7 Kc5 86. h8=Q Ra8+ 87. Kb7 Rxh8 88. Rd7 Kc4 89. Rc7+ Kd3 90. Rd7 Rh5 91. Kc6 Ke3 92. Re7+ Kd2 93. Rd7 d3 94. Rd4 Ke2 95. Re4+ Kd1 96. Rd4 d2 97. Rc4 Ke2 98. Re4+ Kd3 0-1


[Site "https://www.chess.com"]

[Event "Titled Tuesday Blitz March 28 Early 2023"]
[White "Kubatko, Ivan"]
[Black "Hamitevici, Vladimir"]
[WhiteFideId "24111473"]
[BlackFideId "13902393"]
[WhiteElo "2285"]
[BlackElo "2401"]
[Result "0-1"]
[Round "06"]
[TimeControl "180+2"]
[Date "2023.03.28"]
[WhiteClock "0:00:02"]
[BlackClock "0:00:05"]

1. e4 d6 2. d4 g6 3. Nc3 a6 4. a4 Bg7 5. h4 Nf6 6. Be2 h5 7. Bg5 Nc6 8. Nf3 Ng4 9. Qd2 O-O 10. d5 Nb4 11. Nh2 Nf6 12. O-O-O c6 13. g4 hxg4 14. dxc6 Qa5 15. Bh6 Nxe4 16. Bxg7 Nxd2 17. Bxf8 Kxf8 18. Rxd2 bxc6 19. Nxg4 Be6 20. h5 gxh5 21. Ne3 Kg7 22. Rxh5 Qc7 23. Rd1 Rg8 24. Rg1+ Kf8 25. Rxg8+ Kxg8 26. Rh1 c5 27. Rg1+ Kf8 28. Nc4 d5 29. Na3 d4 30. Nd1 Qf4+ 31. Kb1 Ba2+ 32. Ka1 Qc1+ 0-1


[Site "https://www.chess.com"]

[Event "Titled Tuesday Blitz March 28 Early 2023"]
[White "Shubenkova, Veronika"]
[Black "Zhao, Jun"]
[WhiteFideId "44124040"]
[BlackFideId "8602522"]
[WhiteElo "2027"]
[BlackElo "2547"]
[Result "0-1"]
[Round "06"]
[TimeControl "180+2"]
[Date "2023.03.28"]
[WhiteClock "0:00:22"]
[BlackClock "0:00:12"]

1. e4 e5 2. Nf3 Nc6 3. Bb5 a6 4. Bxc6 dxc6 5. O-O Bd6 6. d4 exd4 7. Qxd4 f6 8. e5 fxe5 9. Nxe5 Ne7 10. Bg5 Be6 11. Re1 O-O 12. Nc3 Nf5 13. Qd2 Qe8 14. Nf3 Qg6 15. Ne4 Bd5 16. Qc3 h6 17. Bd2 Rae8 18. Ng3 Nxg3 19. hxg3 Kh7 20. Rxe8 Rxe8 21. Re1 Rxe1+ 22. Nxe1 Qe4 23. Qd3 Qxd3 24. Nxd3 Bxa2 25. b3 c5 26. Nc1 Bb1 27. c3 c4 28. bxc4 a5 29. Nb3 a4 30. Nd4 a3 31. Bc1 a2 32. Bb2 Bd3 33. Nb5 Be5 34. Na3 c6 35. c5 Kg6 36. f3 Kf5 37. Kf2 g5 38. g4+ Ke6 39. Ke3 Bg6 40. Kd2 Bf4+ 41. Kd1 Kd5 42. Nc2 Kxc5 43. Nb4 Bf7 44. Nd3+ Kc4 45. Nxf4 gxf4 46. Kc2 Bg6+ 47. Kc1 c5 48. Ba1 b5 49. Bb2 Bb1 50. Ba1 Kd3 51. Kd1 Bc2+ 52. Kc1 Bb3 53. Kb2 Bc4 54. Kc1 Ke3 55. Kc2 Kf2 56. Bb2 Kxg2 0-1


[Site "https://www.chess.com"]